 Dungeon Crawl Stone Soup version 0.28-b1-25-g9875b3fc8c (webtiles) character file.

Game seed: 15103677738784920280

18443 Armakuni the Stormcaller (level 12, -10/68 HPs)
             Began as a Tengu Enchanter on Feb 5, 2022.
             Was a Priest of Vehumet.
             Killed from afar by a swamp worm (11 damage)
             ... with a harpoon shot
             ... on level 1 of the Lair of Beasts.
             The game lasted 01:01:27 (17839 turns).

Armakuni the Stormcaller (Tengu Enchanter)         Turns: 17839, Time: 01:01:27

Health: -10/68     AC: 10    Str: 19    XL:     12   Next: 58%
Magic:  9/21       EV: 15    Int: 16    God:    Vehumet [***...]
Gold:   107        SH:  0    Dex: 15    Spells: 4/22 levels left

rFire   . . .      SeeInvis .   a - staff of air
rCold   . . .      Faith    .   (no shield)
rNeg    . . .      Spirit   .   e - +4 ring mail of Liberalism {Will+}
rPois   .          Reflect  .   n - +0 hat
rElec   +          Harm     .   (no cloak)
rCorr   .          Rampage  .   (no gloves)
Will    ++...                   (boots unavailable)
Stlth   ++........              A - amulet of the acrobat
HPRegen 0.21/turn               W - ring of willpower
MPRegen 0.17/turn               V - +6 ring of strength

@: flying quickly and evasively, studying Spellcasting, quick
A: beak, talons 3, nimble flight
a: Renounce Religion


You were on level 1 of the Lair of Beasts.
You worshipped Vehumet.
Vehumet was most pleased with you.
You visited 4 branches of the dungeon, and saw 15 of its levels.
You also visited: Ossuary.

You collected 1147 gold pieces.
You spent 1040 gold pieces at shops.

Inventory:

Hand Weapons
 b - a +5 dire flail of holy wrath
Missiles
 m - a throwing net
Armour
 e - the +4 ring mail of Liberalism (worn) {Will+}
   (You found it on level 9 of the Dungeon)

   Will:      It increases your willpower.
 n - a +0 hat (worn)
Magical Staves
 a - a staff of air (weapon)
 f - a staff of poison
Jewellery
 u - a ring of ice
 A - an amulet of the acrobat (around neck)
 V - a +6 ring of strength (right hand)
 W - a ring of willpower (left hand)
Wands
 g - a wand of digging (4)
 k - a wand of flame (14)
 p - a wand of polymorph (12)
Scrolls
 i - 2 scrolls of silence
 j - 2 scrolls of identify
 o - 2 scrolls of amnesia
 r - a scroll of fog
 s - a scroll of torment
 t - 2 scrolls of magic mapping
 v - 2 scrolls of vulnerability
 z - a scroll of enchant armour
Potions
 c - a potion of magic
 h - 5 potions of mutation
 l - 2 potions of curing
 q - a potion of cancellation
 x - a potion of ambrosia


   Skills:
 - Level 5.0 Fighting
 - Level 1.1 Short Blades
 - Level 2.9(4.4) Maces & Flails
 - Level 5.1(5.5) Staves
 - Level 5.0 Armour
 - Level 5.0 Dodging
 - Level 3.0 Stealth
 + Level 5.5 Spellcasting
 - Level 10.0 Conjurations
 - Level 2.1 Hexes
 - Level 18.8 Air Magic
 - Level 2.0 Earth Magic
 - Level 2.0 Evocations


You had 4 spell levels left.
You knew the following spells:

 Your Spells              Type           Power      Damage    Failure   Level
a - Stone Arrow           Conj/Erth      46%        3d9       1%          3
c - Maxwell's Capacitive  Air            38%        ∞         17%         8
l - Lightning Bolt        Conj/Air       33%        1d50      1%          5
s - Static Discharge      Conj/Air       66%        N/A       1%          2

Your spell library contained the following spells:

 Spells                   Type           Power      Damage    Failure   Level
 Frozen Ramparts          Ice            8%         1d2       19%         3
 Foxfire                  Conj/Fire      80%        2x1d8     1%          1
 Dazzling Flash           Conj/Hex       46%        N/A       1%          3
 Conjure Flame            Conj/Fire      20%        6-21      2%          3
 Flame Wave               Conj/Fire      20%        2d7       9%          4
 Hailstorm                Conj/Ice       20%        3d6       9%          4
 Sticky Flame             Conj/Fire      20%        2d4       9%          4
 Inner Flame              Hex/Fire       7%         N/A       13%         3
 Beastly Appendage        Tmut           8%         N/A       24%         1
 Ensorcelled Hibernation  Hex/Ice        14%        N/A       24%         2
 Confusing Touch          Hex            11%        N/A       30%         3
 Tukima's Dance           Hex            11%        N/A       30%         3
 Wereblood                Tmut           4%         N/A       36%         2
 Portal Projectile        Hex/Tloc       14%        N/A       43%         3
 Olgreb's Toxic Radiance  Pois           4%         N/A       50%         4
 Spider Form              Tmut/Pois      4%         N/A       58%         3
 Anguish                  Hex/Necr       3%         N/A       83%         4
 Animate Armour           Summ/Erth      14%        N/A       85%         4
 Petrify                  Tmut/Erth      7%         N/A       85%         4
 Animate Dead             Necr           2%         N/A       94%         4
 Dispel Undead            Necr           4%         3d7       94%         4
 Ice Form                 Ice/Tmut       4%         N/A       94%         4
 Borgnjor's Vile Clutch   Necr/Erth      3%         N/A       99%         5
 Metabolic Englaciation   Hex/Ice        3%         N/A       99%         5
 Blade Hands              Tmut           2%         N/A       100%        5
 Excruciating Wounds      Necr           2%         N/A       100%        5
 Death Channel            Necr           2%         N/A       100%        6
 Simulacrum               Ice/Necr       2%         N/A       100%        6
 Statue Form              Tmut/Erth      4%         N/A       100%        6
 Ozocubu's Refrigeration  Ice            2%         4d5       100%        7
 Ignition                 Fire           2%         3d3       100%        8
 Lehudib's Crystal Spear  Conj/Erth      11%        10d4      100%        8


Dungeon Overview and Level Annotations

Branches:
Dungeon (12/15)            Temple (1/1) D:4            Lair (1/6) D:9
    Orc (1/2) D:11        Ossuary (visited)

Altars:
Ashenzari
Cheibriados
Dithmenos
Elyvilon
Fedhas
Gozag
Hepliaklqana
Kikubaaqudgha
Makhleb
Nemelex Xobeh
Okawaru
Qazlal
Ru
Sif Muna
Trog
Uskayaw
Vehumet
Wu Jian
Xom
Yredelemnul
Zin
The Shining One
Beogh

Shops:
D:6 :   D:10 *   D:11 *

Annotations:
Lair:1 1 transporter


Innate Abilities, Weirdness & Mutations

You have a beak for a mouth.
You have claws for feet.
Your magical nature lets you fly swiftly and evasively.


Message History

You collide with the briar patch!
The briar patch is destroyed!
* * * LOW HITPOINT WARNING * * *
Okay, then.
As you read the scroll of fear, it crumbles to dust.
You assume a fearsome visage.
The swamp worm looks frightened! x3
Okay, then.
Okay, then.
Unknown command.
Okay, then.
Casting: Lightning Bolt (dangerous; 1% risk of failure)
Confirm with . or Enter, or press ? or * to list all spells.
Aiming: Lightning Bolt (dangerous; 1% risk of failure)
Press: ? - help, Shift-Dir - straight line You feel a surge of power!
You hear a mighty clap of thunder!
The bolt of lightning misses the swamp worm.
The bolt of lightning hits the swamp worm!!
You kill the swamp worm!
Vehumet accepts your kill.
You feel your power returning.
Cornered, the swamp worm turns to fight! x2
Casting: Lightning Bolt (dangerous; 1% risk of failure)
Confirm with . or Enter, or press ? or * to list all spells.
Aiming: Lightning Bolt (dangerous; 1% risk of failure)
Press: ? - help, Shift-Dir - straight line You feel a surge of power!
You hear a mighty clap of thunder!
The bolt of lightning hits the briar patch!!
You destroy the briar patch!
The bolt of lightning hits the swamp worm!!
The swamp worm is severely wounded.
The bolt of lightning misses the swamp worm.
The swamp worm fires a harpoon shot at you.
The harpoon shot hits you!
* * * LOW HITPOINT WARNING * * *
You are yanked forward by the harpoon shot.
The swamp worm fires a harpoon shot at you.
The harpoon shot hits you!
You die...

...........................††....
.................................
.................................
.....................##....^.....
......................####.......
..............©.......####.......
............#####...P#.##........
..$.....###P©P###..####........
##......#♣≈.^.@##..............
.#......##≈P^P≈w#.......)......
........#†≈P^P§##..............
....P#..###○^P§♣#...........###
.....#..#♣≈P^§###...........
........##≈P^P≈w#..>........
........#w≈P☼P≈##.......##.#
#.......####+####.......#
#.........#!)?#...P#...#.


You could see 2 swamp worms.

Vanquished Creatures
  Fannar (D:11)
  5 two-headed ogres
  4 boulder beetles
  Urug (Orc:1)
  2 deep elf pyromancers (D:9)
  Pikel (D:8)
  An ugly thing (D:11)
  A cyclops (D:11)
  2 rust devils
  A gargoyle (D:9)
  A kobold demonologist (D:11)
  5 trolls
  Prince Ribbit (D:7)
  A polar bear (Lair:1)
  Sigmund (D:3)
  2 shadows (D:11)
  A wyvern (D:9)
  A wraith (D:9)
  10 yaks
  A steam dragon (D:8)
  Edmund (D:5)
  A swamp worm (Lair:1)
  Duvessa (D:5)
  A water moccasin (D:7)
  3 ice beasts
  7 orc warriors
  An ogre (D:6)
  5 centaurs
  A phantom (D:11)
  2 kobold brigands
  3 bullfrogs
  A gnoll sergeant (D:6)
  A scorpion (D:5)
  A water moccasin zombie (D:5)
  2 wyvern zombies
  A wyvern skeleton (D:6)
  3 troll zombies (D:11)
  Dowan (D:5)
  7 killer bees
  A howler monkey (D:5)
  5 centaur zombies
  2 bullfrog zombies (D:5)
  3 hounds
  7 orc priests
  2 bullfrog skeletons
  A human zombie (Ossuary)
  An iron imp (D:9)
  7 orc wizards
  2 iguanas
  3 ogre zombies (D:11)
  A hound zombie (D:5)
  A howler monkey zombie (D:9)
  2 mummies (Ossuary)
  5 gnolls (D:6)
  6 adders
  A white imp (D:7)
  2 ufetubi
  2 adder zombies (Ossuary)
  2 worms
  A dart slug (D:3)
  14 orcs
  3 ball pythons
  4 endoplasms
  4 giant cockroaches
  7 hobgoblins
  2 quokkas (D:1)
  3 bats
  3 frilled lizards (D:1)
  5 goblins
  5 goblin zombies
  A hobgoblin skeleton (D:11)
  14 hobgoblin zombies
  11 kobolds
  9 kobold zombies (Ossuary)
  3 orc skeletons (D:11)
  15 orc zombies
  5 rats
  4 rat zombies (Ossuary)
  A briar patch (Lair:1)
256 creatures vanquished.

Vanquished Creatures (others)
  An iguana (D:5)
  An orc wizard (D:8)
  A briar patch (Lair:1)
3 creatures vanquished.

Grand Total: 259 creatures vanquished

Notes
Turn   | Place    | Note
-------+----------+-------------------------------------------
     0 | D:1      | Armakuni the Tengu Enchanter began the quest for the Orb.
     0 | D:1      | Reached XP level 1. HP: 10/10 MP: 4/4
   293 | D:1      | Reached skill level 1 in Fighting
   307 | D:1      | Reached XP level 2. HP: 8/16 MP: 6/6
  1506 | D:2      | Reached XP level 3. HP: 22/22 MP: 7/7
  1583 | D:2      | Learned a level 3 spell: Stone Arrow
  1813 | D:2      | Found a faded altar of an unknown god.
  1821 | D:2      | HP: 1/22 [iguana (8)]
  1824 | D:2      | Reached skill level 1 in Conjurations
  2184 | D:2      | Reached XP level 4. HP: 22/27 MP: 8/8
  2476 | D:3      | Noticed Sigmund
  2515 | D:3      | Reached skill level 1 in Earth Magic
  2760 | D:3      | Killed Sigmund
  2761 | D:3      | Gained mutation: Your magical nature lets you fly swiftly
                  | and evasively. [Tengu growth]
  2761 | D:3      | Reached XP level 5. HP: 31/31 MP: 9/9
  2761 | D:3      | Reached XP level 6. HP: 36/36 MP: 10/10
  2766 | D:3      | Reached skill level 5 in Conjurations
  2770 | D:3      | Found a glowing silver altar of Zin.
  2787 | D:3      | Learned a level 5 spell: Lightning Bolt
  3010 | D:4      | Reached skill level 1 in Air Magic
  3012 | D:4      | Found a sand-covered staircase.
  3060 | Ossuary  | Entered an ossuary
  3320 | Ossuary  | Learned a level 2 spell: Static Discharge
  3506 | Ossuary  | Reached skill level 2 in Air Magic
  3577 | Ossuary  | Reached skill level 3 in Air Magic
  3906 | D:4      | Reached skill level 4 in Air Magic
  3906 | D:4      | Reached XP level 7. HP: 34/40 MP: 6/11
  4103 | D:4      | Found a staircase to the Ecumenical Temple.
  4128 | Temple   | Entered the Ecumenical Temple
  4199 | Temple   | Became a worshipper of Vehumet
  4492 | D:5      | Entered Level 5 of the Dungeon
  4719 | D:5      | Noticed Edmund
  4739 | D:5      | Killed Edmund
  4740 | D:5      | Reached skill level 5 in Air Magic
  4758 | D:5      | Reached skill level 1 in Maces & Flails
  5001 | D:5      | Reached skill level 6 in Air Magic
  5001 | D:5      | Reached XP level 8. HP: 42/45 MP: 5/12
  5277 | D:5      | Found a burning altar of Makhleb.
  5293 | D:5      | Noticed Duvessa
  5293 | D:5      | Noticed Dowan
  5306 | D:5      | Killed Dowan
  5640 | D:5      | Killed Duvessa
  5749 | D:5      | Identified a scroll of acquirement
  5749 | D:5      | Acquired a staff of air
  6099 | D:6      | Reached skill level 1 in Staves
  6361 | D:6      | Reached skill level 7 in Air Magic
  6707 | D:6      | Identified the +2 robe of Humog {Str+6 Int-5}
  6936 | D:6      | Found Suash's Self-Improvement Boutique.
  7384 | D:7      | Noticed Prince Ribbit
  7389 | D:7      | Killed Prince Ribbit
  7390 | D:7      | Reached skill level 8 in Air Magic
  7390 | D:7      | Reached XP level 9. HP: 49/49 MP: 3/13
  7671 | D:7      | Reached * piety under Vehumet
  7671 | D:7      | Offered knowledge of Freeze by Vehumet.
  8147 | D:7      | Found a hazy altar of Hepliaklqana.
  8148 | D:7      | Found a shimmering altar of Xom.
  8219 | D:7      | Noticed a spectral ugly thing
  8367 | D:7      | Reached skill level 9 in Air Magic
  9063 | D:8      | Reached skill level 5 in Staves
  9191 | D:8      | Noticed Pikel
  9235 | D:8      | Found a shimmering blue altar of Sif Muna.
  9326 | D:8      | Reached skill level 10 in Conjurations
  9652 | D:8      | Found an iron altar of Okawaru.
  9739 | D:7      | Noticed a rust devil
  9739 | D:7      | Noticed a rust devil
  9743 | D:7      | Reached skill level 10 in Air Magic
  9743 | D:7      | Reached skill level 1 in Armour
  9758 | D:8      | Killed a rust devil
  9759 | D:8      | Reached XP level 10. HP: 56/56 MP: 1/14
  9865 | D:7      | Killed a rust devil
 10378 | D:9      | Identified the +4 ring mail of Liberalism {Will+}
 10440 | D:9      | Found a staircase to the Lair.
 10462 | D:9      | Reached skill level 5 in Fighting
 10682 | D:9      | Found an ornate altar of the Wu Jian Council.
 10682 | D:9      | Found an ancient bone altar of Kikubaaqudgha.
 10683 | D:9      | Found a sacrificial altar of Ru.
 10844 | D:9      | Reached skill level 5 in Armour
 10844 | D:9      | Reached skill level 1 in Evocations
 10920 | D:8      | Killed Pikel
 11183 | D:9      | Reached skill level 11 in Air Magic
 11414 | D:9      | Reached skill level 5 in Dodging
 11557 | D:9      | Noticed a boulder beetle
 11689 | D:10     | Entered Level 10 of the Dungeon
 11698 | D:10     | Noticed a two-headed ogre
 11730 | D:9      | Killed a boulder beetle
 11731 | D:9      | Reached skill level 12 in Air Magic
 11731 | D:9      | Reached XP level 11. HP: 52/63 MP: 7/15
 11809 | D:9      | Noticed a deep elf pyromancer
 11812 | D:9      | Killed a deep elf pyromancer
 11813 | D:9      | Reached skill level 13 in Air Magic
 11985 | D:9      | Noticed a deep elf pyromancer
 11992 | D:9      | Killed a deep elf pyromancer
 12186 | D:9      | Found a snail-covered altar of Cheibriados.
 12230 | D:10     | Reached skill level 14 in Air Magic
 12537 | D:10     | You are sucked into a shaft and drop 1 floor!
 12537 | D:11     | Noticed a two-headed ogre
 12619 | D:10     | Killed a two-headed ogre
 12619 | D:10     | Reached ** piety under Vehumet
 12862 | D:10     | Noticed a two-headed ogre
 13137 | D:10     | Found Imaptuv's Assorted Antiques.
 13230 | D:10     | Killed a two-headed ogre
 13230 | D:10     | Offered knowledge of Shock by Vehumet.
 13231 | D:10     | Reached skill level 15 in Air Magic
 13284 | D:10     | Noticed a two-headed ogre
 13304 | D:10     | Killed a two-headed ogre
 13531 | D:10     | Found a bloodstained altar of Trog.
 13531 | D:10     | Found a hide-covered altar of Uskayaw.
 13531 | D:10     | Found a white marble altar of Elyvilon.
 13690 | D:11     | Noticed a boulder beetle
 13745 | D:11     | Identified the ring "Kuidd" {rF- rCorr Str-5 Int+8 Dex+2}
 13746 | D:11     | Noticed a boulder beetle
 13902 | D:10     | Killed a boulder beetle
 13903 | D:10     | Reached skill level 16 in Air Magic
 14019 | D:11     | Noticed Fannar
 14256 | D:10     | Killed a two-headed ogre
 14881 | D:11     | Reached skill level 17 in Air Magic
 15019 | D:11     | Offered knowledge of Frozen Ramparts by Vehumet.
 15025 | D:11     | Reached XP level 12. HP: 56/68 MP: 9/17
 15066 | D:11     | Found a staircase to the Orcish Mines.
 15410 | D:11     | Found Ryanir's General Store.
 15588 | D:11     | Killed Fannar
 15922 | D:12     | Noticed a boulder beetle
 15932 | D:11     | Killed a boulder beetle
 16022 | D:11     | Reached *** piety under Vehumet
 16124 | D:12     | Noticed a two-headed ogre
 16292 | D:11     | Reached skill level 18 in Air Magic
 16800 | D:11     | Killed a two-headed ogre
 16890 | D:11     | Learned a level 8 spell: Maxwell's Capacitive Coupling
 16915 | Orc:1    | Entered Level 1 of the Orcish Mines
 16967 | Orc:1    | Noticed Urug
 16979 | Orc:1    | Killed Urug
 17220 | D:10     | Killed a boulder beetle
 17418 | D:6      | Bought a manual of Spellcasting for 1040 gold pieces
 17506 | Lair:1   | Entered Level 1 of the Lair of Beasts
 17559 | Lair:1   | Found a transporter.
 17588 | Lair:1   | Reached skill level 5 in Spellcasting
 17724 | Lair:1   | Found a transporter.
 17839 | Lair:1   | HP: 1/68 [swamp worm/harpoon shot (10)]
 17839 | Lair:1   | Killed from afar by a swamp worm

Illustrated notes

Levels and vault maps discovered:
D:1:      dpeg_cavernosity, layout_basic, minmay_hexomino_f4
D:2:      layout_loops_corners, basic_ecumenical_altar
D:3:      layout_rooms, zin_academy, uniq_sigmund
D:4:      layout_rooms, minmay_temple_entry_tees,
          nicolae_ossuary_entry_false_entrances
D:5:      layout_basic, mainiacjoe_overflow_small_starburst, uniq_duvessa,
          uniq_edmund
D:6:      layout_basic, nicolae_shop_self_help
D:7:      cheibrodos_iron_armory, layout_loops_ring,
          regret_index_temple_of_mockery, dk_noncrumbling_4, uniq_prince_ribbit1
D:8:      layout_loops_ring, marbit_many_paths, amcnicky_altar_gilded,
          kennysheep_generic_room_12, uniq_pikel
D:9:      minmay_slanted_spiral_squares, layout_rooms,
          chequers_temple_overflow_statue_of_worship, chei_slow_surprise,
          lair_entry_dummy
D:10:     layout_irregular_city, gammafunk_temple_overflow_claw, serial_shops,
          shop_fountains
D:11:     layout_loops_ring, zombieorc1_lemuel, serial_shops,
          kennysheep_little_box, uniq_fannar
D:12:     layout_small_grid
Temple:   compressed_dpeg_triangle_lava_temple
Lair:1:   gammafunk_worm_tunnel, layout_hall_layers, st_stairs_8
Orc:1:    layout_caves, serial_shops, nicolae_shop_behind_doors, basic_altar,
          mines_bat_river, uniq_urug

Skill      XL: |  1  2  3  4  5  6  7  8  9 10 11 12 |
---------------+-------------------------------------+-----
Fighting       | 1 2 3 5 |  5.0
Conjurations   | 1 4 5 6 8 10 | 10.0
Earth Magic    | 2 |  2.0
Air Magic      | 4 6 8 10 12 17 18 | 18.8
Maces & Flails | 1 2 |  2.9
Staves         | 3 5 |  5.1
Armour         | 3 5 |  5.0
Evocations     | 2 |  2.0
Dodging        | 5 |  5.0
Spellcasting   | 5 |  5.5
Short Blades   | |  1.1
Stealth        | |  3.0
Hexes          | |  2.1

Action                   |  1- 3 |  4- 6 |  7- 9 | 10-12 || total
-------------------------+-------+-------+-------+-------++-------
Melee: Dagger            |    69 |   141 |    28 |       ||   238
       Kick              |    19 |    45 |    12 |    53 ||   129
       Peck              |     7 |    32 |     9 |    26 ||    74
       Punch             |       |     5 |       |     4 ||     9
       Dire flail        |       |       |    23 |    17 ||    40
       Flail             |       |       |    12 |       ||    12
       Staff             |       |       |       |   116 ||   116
Throw: Dart              |     8 |     3 |     3 |       ||    14
 Cast: Static Discharge  |       |     1 |    52 |    64 ||   117
       Stone Arrow       |       |     1 |    47 |    13 ||    61
       Lightning Bolt    |       |       |       |    63 ||    63
Evoke: Wand              |       |       |    13 |    11 ||    24
  Use: Scroll            |     5 |     5 |    18 |    13 ||    41
       Potion            |       |     1 |     9 |     7 ||    17
 Stab: Sleeping          |     8 |     9 |     1 |     1 ||    19
       Invisible         |       |     1 |       |       ||     1
       Paralysed         |       |       |     6 |       ||     6
Armor: Robe              |     7 |    20 |     7 |       ||    34
       Leather armour    |       |       |     6 |       ||     6
       Ring mail         |       |       |       |    59 ||    59
Dodge: Dodged            |    38 |    67 |    87 |   162 ||   354
